 Dungeon Crawl Stone Soup version 0.30.0-18-gc0e69614cb (webtiles) character file.

Game seed: 5705423793530423648

2837 testman the Grappler (level 9, -3/115 (144) HPs)
             Began as a Troll Berserker on May 23, 2023.
             Was a Priest of Trog.
             Slain by a wight
             ... wielding a +0 war axe
              (6 damage)
             ... on level 7 of the Dungeon.
             The game lasted 00:09:23 (5219 turns).

testman the Grappler (Troll Berserker)              Turns: 5219, Time: 00:09:24

HP:   -3/115 (144)  AC:  4    Str: 31    XL:     9   Next: 45%
MP:   8/8           EV: 10    Int:  3    God:    Trog [***...]
Gold: 474           SH:  0    Dex:  9    Spells: 8/8 levels left

rFire   . .          .
                       - Unarmed
rCold   + . .        (no shield)
rNeg    . . .        a - +0 animal skin
rPois   .            (helmet restricted)
rElec   .            (no cloak)
rCorr   .            (gloves unavailable)
SInv    .            (boots unavailable)
Will    ++...        (no amulet) Stlth
                     l - ring of protection from cold
HPRegen 2.19/turn    (no ring)
MPRegen 0.11/turn

%: no passive effects
@: mighty, berserking, strong-willed, regenerating, heavily drained, very quick
A: large, unfitting armour, claws 3, regeneration 1, shaggy fur 1, tough skin 1
a: Renounce Religion, Berserk, Trog's Hand


You were on level 7 of the Dungeon.
You worshipped Trog.
Trog was most pleased with you.
You visited 1 branch of the dungeon, and saw 7 of its levels.

You collected 474 gold pieces.

Inventory:

Missiles
 j - 11 poisoned darts (quivered)
Armour
 a - a +0 animal skin (worn)
Jewellery
 l - a ring of protection from cold (left claw)
Wands
 t - a wand of polymorph (10)
 x - a wand of light (5)
 B - a wand of iceblast (9)
Scrolls
 c - 3 scrolls of summoning {unknown}
 d - 8 scrolls of identify {unknown}
 e - a scroll of amnesia {unknown}
 i - 3 scrolls of vulnerability {unknown}
 k - a scroll of fog {unknown}
 o - 2 scrolls of blinking {unknown}
 q - 2 scrolls of poison {unknown}
 r - 3 scrolls of enchant weapon {unknown}
 u - a scroll of brand weapon {unknown}
 v - 4 scrolls of fear {unknown}
 y - 2 scrolls of teleportation {unknown}
 A - a scroll of torment {unknown}
Potions
 b - 3 potions of might
 f - a potion of berserk rage
 g - 4 potions of mutation {unknown}
 h - a potion of attraction {unknown}
 m - 3 potions of ambrosia {unknown}
 n - a potion of heal wounds {unknown}
 p - 3 potions of curing
 s - a potion of haste {unknown}
 w - a potion of magic {unknown}
 z - 3 potions of degeneration {unknown}


   Skills:
 + Level 8.2 Fighting
 - Level 2.4 Dodging
 + Level 9.8 Unarmed Combat


You had 8 spell levels left.
You didn't know any spells.
Your spell library contained the following spells:

 Spells                   Type           Power      Damage    Failure   Level
 Shock                    Conj/Air       0%         1d3       52%         1
 Frozen Ramparts          Ice            0%         1d1       88%         3
 Swiftness                Air            0%         N/A       88%         3
 Airstrike                Air            0%         2d(0-16)  99%         4
 Ice Form                 Ice/Tmut       0%         N/A       99%         4
 Summon Ice Beast         Ice/Summ       0%         N/A       99%         4


Dungeon Overview and Level Annotations

Branches:
Dungeon (7/15)             Temple (0/1) D:5

Altars:
Gozag
Uskayaw
Yredelemnul

Shops:
D:4 (


Innate Abilities, Weirdness & Mutations

You are too large for most types of armour.
You have claws for hands.
Your natural rate of healing is unusually fast.
You are covered in fur. (AC +1)
You have tough skin. (AC +1)


Message History

The wight hits you with a +1 falchion.
* * * LOW HITPOINT WARNING * * *
You feel drained.
* * * LOW HITPOINT WARNING * * *
The wight barely misses you. The wight hits you but does no damage.
The wight attacks as you move away! The wight barely misses you.
The wight attacks as you move away!
The wight hits you with a +4 great sword of freezing!
* * * LOW HITPOINT WARNING * * *
You feel drained.
* * * LOW HITPOINT WARNING * * *
You feel better. The wight barely misses you.
The wight hits you from afar with a +0 spear.
* * * LOW HITPOINT WARNING * * *
You feel drained.
* * * LOW HITPOINT WARNING * * *
The wight closely misses you.
The wight hits you from afar with a +0 halberd.
* * * LOW HITPOINT WARNING * * *
You feel drained. The wight attacks as you move away!
The wight closely misses you. The wight attacks as you move away!
The wight hits you with a +0 war axe!
* * * LOW HITPOINT WARNING * * *
Your skin crawls.
You feel strong-willed.
You can no longer call in reinforcements.
The wight barely misses you.
It was a potion of might.
You feel very mighty all of a sudden. The wight hits you with a +0 war axe!
* * * LOW HITPOINT WARNING * * *
You feel drained.
* * * LOW HITPOINT WARNING * * *
Okay, then.
Okay, then.
It was a potion of berserk rage.
A red film seems to cover your vision as you go berserk!
You feel yourself moving faster!
You feel mighty! The wight hits you with a +0 war axe.
You die...

#.#.# #........#####.##.
.... +..... ####....
###..##z..# #....###
#........z#....##.#.....
.#)..###.#....#..#..###
#.#.....z.#....#.##..#..
#......z.........##.....
#.#####z####.#...##.##.#
#@## #.#..###.##..
######..# #.#......##..
.........###........##..
...........#...####.###.
........##.>...#........
........##########..####
........# #..# #
+######## #..# # #..# #


You could see 4 wights.

Vanquished Creatures
  Maggie (D:7)
  Duvessa (D:4)
  2 water moccasins
  An orc warrior (D:7)
  4 black bears
  3 ogres
  2 phantoms
  A gnoll sergeant (D:6)
  A kobold brigand (D:7)
  Blork the orc (D:6)
  2 bullfrogs (D:6)
  4 scorpions (D:4)
  Dowan (D:4)
  A vampire bat (D:5)
  A jelly (D:4)
  A hound (D:5)
  A gnoll bouda (D:5)
  2 orc priests
  A sleepcap (D:5)
  Jessica (D:2)
  2 iguanas (D:5)
  6 orc wizards
  12 gnolls
  4 adders
  A shadow imp (D:5)
  An ufetubus (D:5)
  3 fire bats (D:5)
  13 orcs
  2 spectral bats (D:5)
  14 bats
  3 bat skeletons (D:5)
  A bat zombie (D:5)
  10 endoplasms
  7 giant cockroaches
  9 goblins
  5 hobgoblins
  5 quokkas
  A ball python (D:1)
  A bat simulacrum (D:5)
  2 frilled lizards (D:1)
  13 kobolds
  5 rats
152 creatures vanquished.

Vanquished Creatures (others)
  An orc wizard (D:6)
1 creature vanquished.

Grand Total: 153 creatures vanquished

Notes
Turn   | Place    | Note
-------+----------+-------------------------------------------
     0 | D:1      | testman the Troll Berserker began the quest for the Orb.
     0 | D:1      | Reached XP level 1. HP: 22/22 MP: 0/0
   167 | D:1      | Reached XP level 2. HP: 29/29 MP: 1/1
   585 | D:1      | Found a faded altar of an unknown god.
   611 | D:1      | Reached XP level 3. HP: 37/37 MP: 2/2
   856 | D:2      | Reached ** piety under Trog
   909 | D:2      | Noticed Jessica
   911 | D:2      | Killed Jessica
   912 | D:2      | Reached skill level 4 in Unarmed Combat
   912 | D:2      | Reached XP level 4. HP: 45/45 MP: 3/3
  1648 | D:3      | Found a hide-covered altar of Uskayaw.
  1694 | D:3      | Reached XP level 5. HP: 54/54 MP: 4/4
  2352 | D:4      | Reached skill level 5 in Unarmed Combat
  2381 | D:4      | Reached XP level 6. HP: 63/63 MP: 5/5
  2460 | D:4      | Found Zoemup's Weapon Emporium.
  2493 | D:4      | Noticed Duvessa
  2493 | D:4      | Noticed Dowan
  2502 | D:4      | Killed Duvessa
  2508 | D:4      | Reached skill level 6 in Unarmed Combat
  2510 | D:4      | Killed Dowan
  2511 | D:4      | Reached skill level 5 in Fighting
  2511 | D:4      | Reached XP level 7. HP: 36/72 MP: 6/6
  3133 | D:5      | Entered Level 5 of the Dungeon
  3397 | D:5      | Reached skill level 7 in Unarmed Combat
  3405 | D:5      | Reached *** piety under Trog
  3585 | D:5      | Reached XP level 8. HP: 82/83 MP: 7/7
  3617 | D:5      | Found a staircase to the Ecumenical Temple.
  3755 | D:5      | Found an opulent altar of Gozag.
  3756 | D:5      | Found a basalt altar of Yredelemnul.
  3761 | D:5      | Reached skill level 8 in Unarmed Combat
  4396 | D:6      | Reached XP level 9. HP: 90/93 MP: 8/8
  4401 | D:6      | Reached skill level 9 in Unarmed Combat
  4417 | D:6      | Reached **** piety under Trog
  4437 | D:6      | Noticed Blork the orc
  4444 | D:6      | Killed Blork the orc
  4823 | D:7      | Noticed Maggie
  4836 | D:7      | Killed Maggie
  5214 | D:7      | HP: 4/80 [wight/+0 war axe (9)]
  5218 | D:7      | HP: 1/77 [wight/+0 war axe (3)]
  5219 | D:7      | Slain by a wight

Illustrated notes

Levels and vault maps discovered:
D:1:      dpeg_arrival_simpleton_c, layout_loops_ring,
          dilly_ecumenical_altar_fadedgnrine, minmay_ruptured
D:2:      layout_loops_ring, serial_bayou_pond_c, uniq_jessica
D:3:      layout_loops_ring, mainiacjoe_overflow_paths
D:4:      layout_loops_ring, serial_shops, nicolae_shop_trees, uniq_duvessa
D:5:      layout_loops_ring, mainiacjoe_overflow_big_doors,
          minmay_temple_entry_junction_2, goddamned_bats
D:6:      layout_loops_ring, uniq_blork_the_orc
D:7:      layout_basic, serial_shops, nicolae_lakefront_shop,
          grunt_ministairs_13, mrwooster_statue_mirror, uniq_prince_ribbit1,
          uniq_maggie

Skill      XL: |  1  2  3  4  5  6  7  8  9 |
---------------+----------------------------+-----
Fighting       | 3 4 5 6 7 8 |  8.2
Unarmed Combat | 4 5 6 7 8 9 |  9.8
Dodging        | |  2.4

Action                     |  1- 3 |  4- 6 |  7- 9 || total
---------------------------+-------+-------+-------++-------
  Melee: Unarmed           |    76 |    92 |   220 ||   388
         Punch             |     1 |     2 |     8 ||    11
 Invoke: Berserk           |       |     1 |     5 ||     6
         Trog's Hand       |       |     1 |     3 ||     4
    Use: Potion            |       |       |     3 ||     3
   Stab: Sleeping          |     1 |       |       ||     1
 Armour: Animal skin       |    25 |    17 |    84 ||   126
  Dodge: Dodged            |    30 |    42 |   157 ||   229
